 Dungeon Crawl Stone Soup version 0.30.1-11-g7821555f0a (webtiles) character file.

Game seed: 11108200816871515677

16054 Ijustatesigmund the Fighter (level 12, -6/80 HPs)
             Began as a Gargoyle Fighter on Nov 2, 2023.
             Was a Priest of the Shining One.
             Mangled by a freezing wraith (22 damage)
             ... on level 11 of the Dungeon.
             The game lasted 00:19:00 (12040 turns).

Ijustatesigmund the Fighter (Gargoyle Fighter)     Turns: 12040, Time: 00:19:00

Health: -6/80      AC: 24    Str: 21    XL:     12   Next: 33%
Magic:  19/19      EV: 11    Int: 19    God:    the Shining One [***...]
Gold:   509        SH:  5    Dex:  9    Spells: 11/11 levels left

rFire   x . .        a - +1 morningstar (flame)
rCold   . . .        c - +0 buckler
rNeg    + + +        b - +0 swamp dragon scales
rPois   ∞            (no helmet)
rElec   +            q - +0 cloak
rCorr   .            e - +0 pair of gloves
SInv    .            v - +0 pair of boots
Will    .....        u - amulet of regeneration Stlth
                     n - +6 ring of intelligence
HPRegen 1.13/turn    D - ring of positive energy
MPRegen 0.16/turn

%: no passive effects
@: slowed, glowing, very slow
A: sickness immunity, AC +8, negative energy resistance 1, electricity
resistance, torment resistance 1, petrification resistance, talons 1, iridescent
scales 1, heat vulnerability 1
a: Renounce Religion, Divine Shield, Cleansing Flame


You were on level 11 of the Dungeon.
You worshipped the Shining One.
The Shining One was most pleased with you.
You visited 2 branches of the dungeon, and saw 12 of its levels.

You collected 701 gold pieces.
You spent 192 gold pieces at shops.

Inventory:

Hand Weapons
 a - a +1 morningstar of flaming (weapon)
Missiles
 m - a throwing net (quivered)
Armour
 b - +0 swamp dragon scales (worn)
 c - a +0 buckler (worn)
 e - a +0 pair of gloves (worn)
 q - a +0 cloak (worn)
 v - a +0 pair of boots (worn)
Jewellery
 n - a +6 ring of intelligence (left hand)
 u - an amulet of regeneration (around neck)
 w - a +6 ring of dexterity
 D - a ring of positive energy (right hand)
 E - a +4 ring of protection
 G - a +6 ring of dexterity
Wands
 d - a wand of flame (13)
 r - a wand of roots (16)
 t - a wand of light (16)
 C - a wand of paralysis (4)
Scrolls
 h - 2 scrolls of teleportation
 j - 2 scrolls of enchant weapon
 l - 5 scrolls of identify
 o - a scroll of amnesia
 p - 3 scrolls of magic mapping
 y - 2 scrolls of blinking
 z - a scroll of fear
 A - a scroll of vulnerability
 H - a scroll of immolation
Potions
 f - 4 potions of invisibility
 g - 2 potions of flight
 i - 3 potions of mutation
 k - 4 potions of brilliance
 s - 3 potions of curing
 x - a potion of might
 F - 2 potions of lignification
Miscellaneous
 B - a condenser vane


   Skills:
 + Level 11.1 Fighting
 - Level 8.1 Maces & Flails
 - Level 8.6 Armour
 + Level 4.6 Dodging
 - Level 8.5 Shields
 + Level 9.4 Invocations
 + Level 5.0 Evocations


You had 11 spell levels left.
You didn't know any spells.
Your spell library contained the following spells:

 Spells                   Type           Power      Damage    Failure   Level
 Summon Small Mammal      Summ           0%         N/A       36%         1
 Call Canine Familiar     Summ           0%         N/A       73%         3
 Frozen Ramparts          Ice            0%         1d1       73%         3
 Summon Guardian Golem    Hex/Summ       0%         N/A       73%         3
 Animate Armour           Summ/Erth      0%         N/A       98%         4
 Ice Form                 Ice/Tmut       0%         N/A       98%         4
 Petrify                  Tmut/Erth      0%         N/A       98%         4
 Summon Ice Beast         Ice/Summ       0%         N/A       98%         4
 Blade Hands              Tmut           0%         N/A       100%        5
 Irradiate                Conj/Tmut      0%         3d11      100%        5
 Iron Shot                Conj/Erth      0%         9d1       100%        6
 Sublimation of Blood     Necr           Unusable   N/A       N/A         2

Dungeon Overview and Level Annotations

Branches:
Dungeon (11/15)            Temple (1/1) D:6            Lair (0/5) D:10
    Orc (0/2) D:9

Altars:
Ashenzari
Cheibriados
Dithmenos
Elyvilon
Fedhas
Gozag
Hepliaklqana
Kikubaaqudgha
Makhleb
Nemelex Xobeh
Okawaru
Qazlal
Ru
Sif Muna
Trog
Uskayaw
Vehumet
Wu Jian
Xom
Yredelemnul
Zin
The Shining One

Shops:
D:6 !   D:7 *   D:10 *

Annotations:
D:4 Eustachio


Innate Abilities, Weirdness & Mutations

You are immune to sickness and miasma.
Your stone body is resilient. (AC +8)
You are immune to poison.
You resist negative energy. (rN+)
You are resistant to electric shocks. (rElec)
You are resistant to unholy torment.
You are immune to petrification.
You have sharp toenails.
You are partially covered in iridescent scales. (AC +2)
You are vulnerable to heat. (rF-)


Message History

You are too injured to fight recklessly!
You are too injured to fight recklessly!
You are too injured to fight recklessly!
You are too injured to fight recklessly!
You are too injured to fight recklessly!
You are too injured to fight recklessly!
You are too injured to fight recklessly!
You are too injured to fight recklessly!
You are too injured to fight recklessly!
You are too injured to fight recklessly!
You are too injured to fight recklessly!
You are too injured to fight recklessly!
Aiming: Bolt of Light
Press: ? - help, Shift-Dir - straight line, f - orc wizard
Aim: an orc wizard, wielding a +0 dagger and wearing a +0 robe (haloed, 77% to hit)
The bolt of light misses the freezing wraith.
The bolt of light misses the orc wizard.
The freezing wraith hits you.
* * * LOW HITPOINT WARNING * * *
The freezing wraith freezes you!
* * * LOW HITPOINT WARNING * * *
The freezing wraith hits you but does no damage. x3
Okay, then.
You feel better. The freezing wraith barely misses you.
The freezing wraith hits you.
* * * LOW HITPOINT WARNING * * *
The freezing wraith drains your vigour!
You feel as though you will be slow longer.
Aiming: Bolt of Light
Press: ? - help, Shift-Dir - straight line, f - howler monkey
Aim: a howler monkey (haloed, 80% to hit)
The bolt of light hits the freezing wraith!
The freezing wraith is almost destroyed.
The freezing wraith is blinded.
The bolt of light hits the howler monkey!
You kill the howler monkey!
The freezing wraith hits you.
* * * LOW HITPOINT WARNING * * *
The freezing wraith freezes you!!
You die...

..##...#...##..##.!§#####
#.#...###...#..~≈≈≈≈≈≈≈≈≈ ....#
##..o.h≈≈≈≈≈≈≈≈≈≈
..#...###..)#.~~≈≈≈≈≈≈≈≈≈
..##...#...##.~≈≈≈≈≈≈≈≈≈≈ ≈≈
#.....###.~~~~~~~~~≈≈ ≈≈≈ ##...##
#...........~ ≈≈≈≈
#######.#########W#####.~≈≈≈≈≈≈≈≈
..##.......##...@.....# ~≈≈≈≈≈≈≈≈
#.#..#####..#.###.###.# ~≈≈≈≈≈≈≈≈
..#.#....##.# #.# .≈≈≈≈≈≈≈≈≈
..#.#.....# # #.# .~≈≈≈≈≈≈≈≈
....#..#.[# ... .~≈≈≈≈≈≈~~
..#.#.....# #.# .~≈≈≈≈≈~#.
..#.##.).## #.# .~≈≈≈≈≈~..
.##..##### #.# #.≈≈≈≈≈#..# .###..
.. #..#.~#..##


You could see a freezing wraith (blind).

Vanquished Creatures
  A stone giant (D:11)
  A centaur warrior (D:11)
  Erica (D:9)
  2 two-headed ogres (D:10)
  A boulder beetle (D:11)
  2 skeletal warriors (D:11)
  A wizard (D:11)
  A deep elf pyromancer (D:11)
  A manticore (D:11)
  2 ugly things
  Maggie (D:6)
  4 trolls
  A meliai (D:11)
  A water elemental (D:11)
  2 wraiths (D:10)
  6 yaks
  2 basilisks (D:10)
  2 wyverns
  5 steam dragons
  3 vampire mosquitoes (D:8)
  An acid dragon (D:9)
  7 water moccasins
  13 orc warriors
  A black bear (D:7)
  A tengu (shapeshifter) (D:10)
  An ogre (D:5)
  5 centaurs
  A phantom (D:6)
  A kobold brigand (D:8)
  3 bullfrogs
  Blork the orc (D:4)
  2 scorpions
  2 gnoll sergeants
  7 wights
  4 killer bees (D:10)
  3 electric eels (D:11)
  5 howler monkeys
  3 hounds
  An iron imp (D:8)
  2 jellies (D:6)
  5 orc priests
  2 sleepcaps (D:8)
  2 iguanas
  8 orc wizards
  11 gnolls
  12 adders
  2 white imps (D:6)
  An ufetubus (D:3)
  3 worms (D:2)
  A dart slug (D:4)
  37 orcs
  6 ball pythons
  7 endoplasms
  A giant cockroach (D:3)
  3 goblins
  8 hobgoblins
  7 jackals
  5 quokkas
  6 bats
  7 kobolds
  4 rats
242 creatures vanquished.

Vanquished Creatures (others)
  An orc (D:7)
1 creature vanquished.

Grand Total: 243 creatures vanquished

Notes
Turn   | Place    | Note
-------+----------+-------------------------------------------
     0 | D:1      | Ijustatesigmund the Gargoyle Fighter began the quest for
                  | the Orb.
     0 | D:1      | Reached XP level 1. HP: 14/14 MP: 1/1
   128 | D:1      | Reached XP level 2. HP: 19/19 MP: 2/2
   852 | D:2      | Reached XP level 3. HP: 24/24 MP: 3/3
  1163 | D:2      | Reached skill level 4 in Fighting
  1169 | D:2      | Reached XP level 4. HP: 29/29 MP: 4/4
  1585 | D:2      | Found a faded altar of an unknown god.
  1703 | D:2      | Reached XP level 5. HP: 34/34 MP: 5/5
  1893 | D:3      | Found an ancient bone altar of Kikubaaqudgha.
  2776 | D:4      | Noticed Blork the orc
  2982 | D:4      | Killed Blork the orc
  2983 | D:4      | Reached XP level 6. HP: 35/40 MP: 6/6
  3053 | D:4      | Reached skill level 5 in Fighting
  3141 | D:4      | Noticed Eustachio
  3161 | D:5      | Entered Level 5 of the Dungeon
  3759 | D:5      | Found a broken altar of Ashenzari.
  3865 | D:5      | Reached XP level 7. HP: 21/44 MP: 7/7
  4161 | D:5      | Identified the +6 halberd "Ziul" {vamp, rPois rC+ Int+2
                  | Dex+3}
  4210 | D:5      | Found a glowing golden altar of the Shining One.
  4214 | D:5      | Became a worshipper of the Shining One
  4223 | D:5      | Found a radiant altar of Vehumet.
  4561 | D:6      | Identified the +10 dagger "Jyewudew" {freeze, Fly rPois
                  | Dex+2}
  4572 | D:6      | Noticed Maggie
  4594 | D:6      | Killed Maggie
  4595 | D:6      | Reached skill level 5 in Maces & Flails
  4595 | D:6      | Reached skill level 5 in Armour
  4595 | D:6      | Reached skill level 5 in Shields
  4595 | D:6      | Reached skill level 1 in Invocations
  4876 | D:6      | Reached skill level 6 in Fighting
  4891 | D:6      | Reached XP level 8. HP: 39/51 MP: 9/9
  5140 | D:6      | Gained mutation: You have sharp toenails. [potion of
                  | mutation]
  5140 | D:6      | Gained mutation: You are vulnerable to heat. (rF-) [potion
                  | of mutation]
  5140 | D:6      | Gained mutation: You are partially covered in iridescent
                  | scales. (AC +2) [potion of mutation]
  5529 | D:6      | Found Oraet's Distillery.
  5536 | D:6      | Bought a potion of mutation for 96 gold pieces
  5536 | D:6      | Bought a potion of curing for 36 gold pieces
  5536 | D:6      | Bought a potion of heal wounds for 60 gold pieces
  5761 | D:6      | Found a staircase to the Ecumenical Temple.
  6373 | D:7      | Reached * piety under the Shining One
  6636 | D:7      | Found Totestr Bein's General Store.
  6671 | D:7      | Noticed a wyvern
  6675 | D:7      | Killed a wyvern
  6676 | D:7      | Reached XP level 9. HP: 56/56 MP: 11/11
  6682 | D:7      | Reached skill level 7 in Fighting
  6719 | Temple   | Entered the Ecumenical Temple
  8003 | D:8      | Reached skill level 5 in Invocations
  8201 | D:8      | Found a snail-covered altar of Cheibriados.
  8229 | D:8      | Found a blossoming altar of Fedhas.
  8458 | D:8      | Reached skill level 8 in Fighting
  8554 | D:9      | Reached XP level 10. HP: 64/64 MP: 14/14
  8667 | D:9      | Noticed a red ugly thing
  8861 | D:9      | Reached ** piety under the Shining One
  9058 | D:9      | Found a staircase to the Orcish Mines.
  9069 | D:9      | Noticed Erica
  9093 | D:9      | Killed Erica
  9119 | D:9      | Killed a red ugly thing
  9120 | D:9      | Reached skill level 9 in Fighting
  9605 | D:9      | Reached XP level 11. HP: 71/71 MP: 16/16
  9836 | D:10     | Entered Level 10 of the Dungeon
  9836 | D:10     | Noticed a two-headed ogre
  9856 | D:10     | Found Xozxargh's General Store.
  9890 | D:10     | Reached skill level 1 in Evocations
 10080 | D:10     | Found an ornate altar of the Wu Jian Council.
 10122 | D:10     | Reached skill level 1 in Dodging
 10334 | D:10     | Found a staircase to the Lair.
 10386 | D:10     | Killed a two-headed ogre
 10511 | D:10     | Reached skill level 10 in Fighting
 10563 | D:10     | Noticed a two-headed ogre
 10574 | D:10     | Killed a two-headed ogre
 11097 | D:11     | Noticed a deep elf pyromancer
 11102 | D:11     | Killed a deep elf pyromancer
 11295 | D:11     | Noticed a green ugly thing
 11296 | D:11     | Noticed a boulder beetle
 11309 | D:11     | Noticed a manticore
 11358 | D:11     | Noticed a stone giant
 11373 | D:11     | Killed a stone giant
 11464 | D:11     | Noticed a skeletal warrior
 11471 | D:11     | Noticed a skeletal warrior
 11484 | D:11     | Killed a skeletal warrior
 11484 | D:11     | Reached *** piety under the Shining One
 11493 | D:11     | Killed a skeletal warrior
 11494 | D:11     | Reached XP level 12. HP: 43/79 MP: 18/18
 11644 | D:11     | Noticed a boulder beetle
 11659 | D:11     | Killed a boulder beetle
 11689 | D:11     | Noticed a centaur warrior
 11702 | D:11     | Killed a centaur warrior
 11703 | D:11     | Reached skill level 11 in Fighting
 11754 | D:11     | Reached skill level 5 in Evocations
 12040 | D:11     | Mangled by a freezing wraith

Illustrated notes

Levels and vault maps discovered:
D:1:      lightli_molten_gateway, layout_basic, minmay_tall_x
D:2:      layout_basic, shapermc_ecumenical_altar_mp_vishouse
D:3:      layout_basic, kiku_gazebo_pond_becter, patterned_corridor
D:4:      kennysheep_goblin_castle, layout_cave_pools, serial_park_tiny_1,
          uniq_blork_the_orc, uniq_eustachio
D:5:      layout_loops_corners, mainiacjoe_overflow_big_doors,
          cheibrodos_ashenzari_chains, eino_tiny_chamber
D:6:      layout_basic, minmay_temple_entry_enclosed_plants,
          serial_co_window_serial, co_window_of_opportunity_a,
          co_window_corner_a, co_window_paths_a, co_window_paths_b,
          co_window_of_opportunity_a, co_window_cross_1,
          co_window_of_opportunity_a, co_window_paths_b, co_window_paths_a,
          co_window_unsneaky_path_b, co_window_corner_ca,
          co_window_of_opportunity_b, co_window_unsneaky_path_a,
          co_window_unsneaky_path_d, co_window_paths_d, glass_columns_a,
          glass_columns_b, serial_shops, nicolae_shop_industrial_runoff,
          uniq_maggie
D:7:      layout_basic, serial_shops, nicolae_stop_n_shop_1
D:8:      layout_layer_cave, slow_altar_1, lemuel_round_altar
D:9:      layout_irregular_city, david_orc_5, uniq_erica
D:10:     layout_basic, nzn_wu_jian_contemplation, minmay_lair_entry_grove,
          serial_shops, shop, serial_aquarium, aquarium_bridge_square
          [aquarium_subvault_wall, aquarium_subvault_wall,
          aquarium_subvault_bridge, aquarium_subvault_window],
          aquarium_bridge_square [aquarium_subvault_window,
          aquarium_subvault_wall, aquarium_subvault_bridge,
          aquarium_subvault_bridge], aquarium_window_2,
          aquarium_window_corridor_3, aquarium_window_1, aquarium_view_2a,
          aquarium_view_2e, wad_floor_pattern_untrapped
D:11:     minmay_the_grid_plus [minmay_the_grid_outer_diamond,
          minmay_the_grid_zigzag_pyramid, minmay_the_grid_minigrid_large,
          minmay_the_grid_eight, minmay_the_grid_prize_inner_circle],
          layout_basic
Temple:   eino_wide_crystal_templ

Skill      XL: |  1  2  3  4  5  6  7  8  9 10 11 12 |
---------------+-------------------------------------+-----
Fighting       | 4 5 6 8 9 10 11 | 11.1
Maces & Flails | 3 4 5 6 7 8 |  8.1
Shields        | 4 5 6 7 8 |  8.5
Armour         | 4 5 6 7 8 |  8.6
Invocations    | 1 3 5 7 8 9 |  9.4
Evocations     | 4 5 |  5.0
Dodging        | 3 4 |  4.6

Action                     |  1- 3 |  4- 6 |  7- 9 | 10-12 || total
---------------------------+-------+-------+-------+-------++-------
  Melee: Flail             |   119 |   227 |    20 |       ||   366
         Morningstar       |       |       |   191 |   372 ||   563
 Invoke: Divine Shield     |       |       |       |     3 ||     3
  Evoke: Wand              |       |       |     1 |    28 ||    29
    Use: Potion            |       |     1 |     7 |     3 ||    11
         Scroll            |       |       |     9 |    11 ||    20
 Armour: Scale mail        |    69 |   163 |     3 |       ||   235
         Swamp dragon scal |       |       |   144 |   241 ||   385
         Skin              |       |       |       |    44 ||    44
  Dodge: Dodged            |    54 |   127 |   142 |   205 ||   528
  Block: Buckler           |    21 |    58 |    46 |   179 ||   304
